 Dungeon Crawl Stone Soup version 0.32-a0-747-gc8563f6773 (webtiles) character file.

Game seed: 2606990923703624851

26042 cforsyth the Cleaver (level 12, -30/110 HPs)
             Began as a Mountain Dwarf Cinder Acolyte on Mar 18, 2024.
             Was a High Priest of Ignis.
             Annihilated by a minotaur
             ... wielding the +7 flail of Cugua {freeze, *Rage Str+5 Int+6}
              (44 damage)
             ... in a Gauntlet.
             The game lasted 00:36:36 (21734 turns).

cforsyth the Cleaver (MDCA)                        Turns: 21734, Time: 00:36:36

Health: -30/110    AC: 17    Str: 20    XL:     12   Next: 94%
Magic:  32/32      EV:  6    Int: 17    God:    Ignis [*****.]
Gold:   822        SH:  8    Dex:  5    Spells: 17/25 levels left

rFire   + . .        a - +4 hand axe (freeze)
rCold   + . .        S - +0 kite shield {rN+}
rNeg    + . .        A - +2 chain mail {rC+}
rPois   +            I - +0 helmet
rElec   .            l - scarf {repulsion}
rCorr   .            n - +1 pair of gloves
SInv    .            (no boots)
Will    +....        K - amulet "Zohumad" {Harm *Corrode +Inv rPois RegenMP+} Stlth
                     L - ring of flight
HPRegen 0.38/turn    M - ring of magical power
MPRegen 0.63/turn

%: no teleportation, corrode self (3%), harm (+30% outgoing, +20% incoming),
repel missiles
@: flying, glowing
A: runic magic, artefact enchanting
a: Renounce Religion, Evoke Invisibility, Fiery Armour, Foxfire Swarm, Rising
Flame


You were in a Gauntlet.
You worshipped Ignis.
Ignis was extremely pleased with you.
You visited 2 branches of the dungeon, and saw 15 of its levels.
You also visited: Sewer and Gauntlet.

You collected 822 gold pieces.


Innate Abilities, Weirdness & Mutations

Your spellcasting is much less encumbered by armour.
You can use scrolls of enchantment on lesser artefacts.


   Skills:
 + Level 11.1 Fighting
 + Level 12.1 Axes
 + Level 10.5 Armour
 + Level 7.7 Shields
 - Level 7.3 Spellcasting
 + Level 11.9 Fire Magic


You had 17 spell levels left.
You knew the following spells:

 Your Spells              Type           Power      Damage    Failure   Level
f - Inner Flame           Hex/Fire       26%        N/A       10%         3
X - Scorch                Fire           92%        2d8       1%          2
Y - Volatile Blastmotes   Fire/Tloc      52%        2d14      10%         3

Your spell library contained the following spells:

 Spells                   Type           Power      Damage    Failure   Level
 Flame Wave               Conj/Fire      26%        2d8       30%         4
 Ignite Poison            Fire/Alch      26%        N/A       30%         4
 Sticky Flame             Fire/Alch      26%        2d6       30%         4
 Freeze                   Ice            24%        1d4       34%         1
 Call Imp                 Summ           12%        N/A       47%         2
 Cigotuvi's Dreadful Rot  Necr/Alch/Air  12%        N/A       47%         2
 Mercury Vapours          Alch/Air       12%        N/A       47%         2
 Sublimation of Blood     Necr           6%         N/A       47%         2
 Frozen Ramparts          Ice            12%        1d2       71%         3
 Fugue of the Fallen      Necr           6%         N/A       71%         3
 Hailstorm                Conj/Ice       6%         3d5       71%         3
 Mephitic Cloud           Conj/Alch/Air  6%         N/A       71%         3
 Ozocubu's Armour         Ice            6%         N/A       71%         3
 Passwall                 Erth           6%         N/A       71%         3
 Summon Ice Beast         Ice/Summ       6%         N/A       71%         3
 Manifold Assault         Tloc           6%         N/A       98%         4
 Freezing Cloud           Conj/Ice/Air   3%         6-21      100%        5
 Metabolic Englaciation   Hex/Ice        3%         N/A       100%        5
 Bombard                  Conj/Erth      3%         9d1       100%        6
 Permafrost Eruption      Ice/Erth       3%         2x4d2     100%        6
 Sculpt Simulacrum        Ice/Alch       3%         N/A       100%        6
 Summon Hydra             Summ           3%         N/A       100%        7

Inventory:

Hand Weapons
 a - a +4 hand axe of freezing (weapon)
 s - a +0 war axe
Armour
 l - a scarf of repulsion (worn)
 n - a +1 pair of gloves (worn)
 A - a +2 chain mail of cold resistance (worn)
 E - a +2 buckler
 I - a +0 helmet (worn)
 S - a +0 kite shield of positive energy (worn)
Magical Staves
 q - a staff of air {!a}
Jewellery
 m - a ring of magical power
 x - the amulet "Iviusoyq" {Acrobat rN+}
   (You found it in a Gauntlet)

   [amulet of the acrobat]

   Acrobat:   It increases your evasion while moving and waiting.
   rN+:       It protects you from negative energy.
 F - a ring of fire
 K - the amulet "Zohumad" (around neck) {Harm *Corrode +Inv rPois RegenMP+}
   (You found it on level 9 of the Dungeon)

   [amulet of magic regeneration]

   It increases your rate of magic regeneration.
   rPois:     It protects you from poison.
   +Inv:      It lets you turn invisible.
   *Corrode:  It may corrode you when you take damage.
   Harm:      It increases damage dealt and taken.
   RegenMP+:  It increases your rate of magic regeneration.
 L - a ring of flight (left hand)
 M - a ring of magical power (right hand)
 N - a ring of positive energy
 P - a ring of poison resistance
Wands
 g - a wand of mindburst (24)
 u - a wand of flame (29)
 w - a wand of quicksilver (11)
 z - a wand of iceblast (1)
 B - a wand of charming (6)
 G - a wand of polymorph (11)
 O - a wand of digging (5)
Scrolls
 d - 5 scrolls of noise
 j - a scroll of immolation
 r - 4 scrolls of amnesia
 t - a scroll of blinking
 v - 2 scrolls of enchant armour
 y - 3 scrolls of fog
 H - a scroll of brand weapon
 R - a scroll of enchant weapon
Potions
 b - 4 potions of enlightenment
 c - a potion of berserk rage {unknown}
 e - a potion of curing {@q1}
 f - 3 potions of lignification
 h - 4 potions of haste {@q3}
 o - 3 potions of brilliance
 p - 2 potions of might
 D - 3 potions of magic
 J - a potion of ambrosia {unknown}
 Q - a potion of resistance
 T - a potion of invisibility
Miscellaneous
 i - a box of beasts
 k - a phantom mirror

Dungeon Overview and Level Annotations

Branches:
Dungeon (13/15)            Temple (0/1) D:4            Lair (2/5) D:8
 Shoals (0/4) Lair:2          Orc (0/2) D:10          Sewer (visited)
Gauntlet (1/1)
  Snake: Lair:2-3    Spider: Lair:2-3    Vaults: D:13-14

Altars:
Sif Muna

Shops:
D:4 =   D:7 *

Annotations:
D:11 3 runed translucent doors, kd29's ghost, journeyman TrSh
D:12 Rupert Gauntlet 4 transporters

#..#.▒..▒.ß.▓
.#..#▒..▒...▓▓. .▓
..#..▒..▒.ßb...▓ .▓
#..#.▒..▒b.b▓▓.▓▓.░ ░
▒▒▒▒▒▒..▒b..▓▓....░.░
.......§▒.b.▓▓.▓ .░.░
.......∩▒bbbb..▓ .'.
.......≈▒bbb▓▓.▓▓.░
▒▒▒▒▒▒..▒.b.▓▓.H@.░
....3▒..▒b..▓▓.▓▓.░
..░░3▒..▒.ß.bb.▓ .▓
.░.░!▒..▒...▓▓.▓ .▓
.░░.!▒..▒.ßb▓▓....▓
©.▒.©▒..▒.§§▓▓▓▓▓▓▓
.░░.[▒..▒≈ß≈▓
.░.░=▒..▒▓▓▓▓
..░░.▒..▒▒▒


You could see a minotaur (berserk, ally target).


Message History

Unknown command.
Unknown command.
You are too injured to fight recklessly!
Unknown command.
Unknown command.
The minotaur hits your butterfly with the +7 flail of Cugua!!
The minotaur freezes your butterfly.
Your butterfly dies!
Your butterfly disappears in a burst of colours!
The minotaur closely misses your butterfly.
The minotaur gores your butterfly!!
Your butterfly dies!
Your butterfly disappears in a burst of colours!
Unknown command.
Unknown command.
Something hits your butterfly!!! Something freezes your butterfly.
Your butterfly dies!
Your butterfly disappears in a burst of colours!
Unknown command.
Unknown command.
Unknown command.
Unknown command.
Unknown command.
Unknown command.
Unknown command.
The minotaur rages.
The minotaur attacks as it pursues you!
The minotaur hits you with the +7 flail of Cugua!!!
You die...
Ignis goes out, and joins you in death.

Skill      XL: |  1  2  3  4  5  6  7  8  9 10 11 12 |
---------------+-------------------------------------+-----
Armour         | 1 2 3 4 5 6 8 9 10 | 10.5
Fire Magic     | 4 5 6 7 8 9 10 11 | 11.9
Axes           | 4 5 6 7 8 9 10 12 | 12.1
Fighting       | 4 5 6 7 8 10 11 | 11.1
Spellcasting   | 2 3 4 5 6 7 |  7.3
Shields        | 3 5 7 |  7.7

Action                     |  1- 3 |  4- 6 |  7- 9 | 10-12 || total
---------------------------+-------+-------+-------+-------++-------
  Melee: Hand axe          |   121 |    33 |    67 |   176 ||   397
  Throw: Throwing net      |     1 |       |       |       ||     1
   Cast: Scorch            |    14 |    53 |   194 |   460 ||   721
  Evoke: Wand              |       |       |     3 |    24 ||    27
    Use: Scroll            |     3 |     6 |     1 |    21 ||    31
         Potion            |       |       |       |    12 ||    12
   Stab: Invisible         |       |       |       |     2 ||     2
 Armour: Ring mail         |   107 |    32 |   144 |       ||   283
         Robe              |    13 |       |       |       ||    13
         Chain mail        |       |       |    53 |   562 ||   615
  Dodge: Dodged            |    74 |    25 |   115 |   174 ||   388
         Repelled          |     1 |     1 |     5 |    20 ||    27
  Block: Buckler           |       |       |       |   102 ||   102
         Kite shield       |       |       |       |    33 ||    33

Levels and vault maps discovered:
D:1:      lightli_arrival_flooded_house, layout_rooms,
          shapermc_ecumenical_altar_mp_vishouse
D:2:      layout_rooms
D:3:      layout_basic, gup_sewer_entry_pipe, uniq_jessica
D:4:      layout_basic, temple_green, nicolae_shop_unique_rings,
          uniq_crazy_yiuf_cottage, uniq_eustachio
D:5:      layout_cave_pools, uniq_prince_ribbit1, uniq_menkaure
D:6:      kennysheep_big_flooded_room, layout_rooms, uniq_edmund
D:7:      layout_loops_corners, serial_shops, nicolae_shop_gibbet_a_chance
D:8:      layout_basic, due_lair_maze_entry_diamond, uniq_gastronok
D:9:      layout_roguey, kennysheep_orc_sif_temple, nicolae_fountain_basement,
          uniq_grum
D:10:     layout_roguey, erik_orc_1
D:11:     layout_roguey, gammafunk_ghost_hydra_chop
D:12:     layout_long_grid, uniq_rupert
D:13:     layout_loops_corners, hellmonk_vaults_attempted_burglary
Lair:1:   layout_chaotic_city, uniq_erica
Lair:2:   layout_small_grid, mainiacjoe_shoals_entry_four_pools,
          gauntlet_entry_generic
Gauntlet: gammafunk_gauntlet_shortcut [nicolae_gauntlet_arena_t_cross,
          gammafunk_gauntlet_arena_corners, gammafunk_gauntlet_arena_split_x,
          nicolae_gauntlet_arena_flowing_pool, nicolae_gauntlet_swirl,
          gammafunk_gauntlet_arena_arrow_garden, gauntlet_exit_watery]

Notes
Turn   | Place    | Note
-------+----------+-------------------------------------------
     0 | D:1      | cforsyth the Mountain Dwarf Cinder Acolyte began the quest
                  | for the Orb.
     0 | D:1      | Reached XP level 1. HP: 19/19 MP: 2/2
   366 | D:1      | Reached XP level 2. HP: 26/26 MP: 3/3
   366 | D:1      | Found a faded altar of an unknown god.
   544 | D:2      | Reached skill level 1 in Armour
   565 | D:2      | Learned a level 2 spell: Scorch
   584 | D:2      | Reached skill level 4 in Fire Magic
   584 | D:2      | Reached XP level 3. HP: 31/31 MP: 5/5
   604 | D:2      | Reached skill level 4 in Axes
   658 | D:2      | Noticed a black bear
  1205 | D:2      | Reached XP level 4. HP: 39/40 MP: 2/6
  1568 | D:3      | Noticed a scorpion
  1572 | D:3      | Killed a scorpion
  1573 | D:3      | Reached skill level 4 in Fighting
  1573 | D:3      | Reached skill level 2 in Armour
  1573 | D:3      | Reached skill level 2 in Spellcasting
  1573 | D:3      | Reached XP level 5. HP: 46/46 MP: 0/8
  1762 | D:3      | Found a glowing drain.
  1794 | Sewer    | Entered a sewer
  2041 | Sewer    | Reached skill level 5 in Axes
  2041 | Sewer    | Reached skill level 5 in Fire Magic
  2041 | Sewer    | Reached XP level 6. HP: 53/53 MP: 4/9
  2121 | Sewer    | Noticed Pargi
  2126 | Sewer    | Killed Pargi
  2127 | Sewer    | Reached skill level 3 in Armour
  2790 | D:3      | Noticed Jessica
  2794 | D:3      | Killed Jessica
  3193 | D:4      | Noticed Eustachio
  3215 | D:3      | Reached XP level 7. HP: 38/60 MP: 0/11
  3575 | D:4      | Killed Eustachio
  3576 | D:4      | Reached skill level 5 in Fighting
  3576 | D:4      | Reached skill level 3 in Spellcasting
  3919 | D:4      | Reached skill level 6 in Axes
  3919 | D:4      | Reached skill level 4 in Armour
  4087 | D:4      | Reached skill level 6 in Fire Magic
  4087 | D:4      | Reached XP level 8. HP: 64/69 MP: 0/13
  4181 | D:4      | Found Ozyext's One-of-a-Kind Rings.
  4583 | D:4      | Found a staircase to the Ecumenical Temple.
  4846 | D:5      | Entered Level 5 of the Dungeon
  4846 | D:5      | Noticed Prince Ribbit
  4846 | D:5      | Noticed Menkaure
  4853 | D:4      | Reached skill level 6 in Fighting
  5007 | D:4      | Found a runed translucent door.
  5008 | D:4      | Noticed Crazy Yiuf
  5304 | D:5      | Killed Menkaure
  5305 | D:5      | Reached skill level 5 in Armour
  5305 | D:5      | Reached skill level 4 in Spellcasting
  5404 | D:5      | Reached skill level 7 in Axes
  5431 | D:5      | Reached skill level 7 in Fire Magic
  5616 | D:5      | Killed Prince Ribbit
  5617 | D:5      | Reached XP level 9. HP: 78/78 MP: 7/15
  6666 | D:6      | Noticed Edmund
  6693 | D:5      | Killed Edmund
  7015 | D:5      | Reached skill level 7 in Fighting
  7015 | D:5      | Reached skill level 6 in Armour
  7689 | D:6      | Reached skill level 8 in Axes
  7713 | D:6      | Identified the +3 ring mail of Stained Salvation {Rampage
                  | Dex+3}
  7824 | D:6      | Reached skill level 8 in Fire Magic
  7916 | D:6      | Reached skill level 5 in Spellcasting
  8159 | D:6      | Noticed a cyclops
  8169 | D:6      | Killed a cyclops
  8714 | D:7      | Found Ixiunu's General Store.
  8935 | D:7      | Reached XP level 10. HP: 77/88 MP: 3/18
  9037 | D:7      | Identified the +5 short sword "Cayvveps" {elec, rN+}
  9316 | D:7      | Reached skill level 7 in Armour
 10289 | D:8      | Noticed Gastronok
 10462 | D:8      | Reached skill level 1 in Shields
 10581 | D:8      | Reached skill level 8 in Fighting
 10781 | D:7      | Reached skill level 9 in Axes
 10923 | D:8      | Found a staircase to the Lair.
 10952 | D:8      | Reached skill level 2 in Shields
 10990 | D:7      | Reached skill level 9 in Fire Magic
 11791 | D:8      | Reached skill level 3 in Shields
 11806 | D:8      | HP: 9/90 [poisoned by a killer bee]
 12095 | D:8      | Reached skill level 6 in Spellcasting
 12861 | D:9      | Identified the amulet "Zohumad" {Harm *Corrode +Inv rPois
                  | RegenMP+}
 13436 | D:9      | Noticed Grum
 13441 | D:8      | Reached skill level 8 in Armour
 13731 | D:9      | Killed Grum
 13737 | D:9      | Reached XP level 11. HP: 92/95 MP: 19/20
 14004 | D:9      | Noticed a deep elf pyromancer
 14014 | D:9      | Killed a deep elf pyromancer
 14015 | D:9      | Reached skill level 9 in Fighting
 14015 | D:9      | Reached skill level 4 in Shields
 14286 | D:9      | Found a shimmering blue altar of Sif Muna.
 14539 | D:8      | Reached skill level 10 in Axes
 14802 | D:10     | Entered Level 10 of the Dungeon
 15052 | D:10     | Reached skill level 10 in Fire Magic
 15530 | D:10     | Reached skill level 5 in Shields
 15549 | D:10     | Found a staircase to the Orcish Mines.
 15722 | D:11     | You are sucked into a shaft and drop 2 floors!
 15756 | D:13     | Noticed a two-headed ogre
 16110 | D:13     | HP: 8/97 [slime creature (18)]
 16916 | D:13     | Killed a two-headed ogre
 16917 | D:13     | Reached skill level 9 in Armour
 16956 | D:13     | Noticed a centaur warrior
 17006 | D:13     | Killed a centaur warrior
 17007 | D:13     | Reached skill level 7 in Spellcasting
 17480 | D:12     | Noticed a two-headed ogre
 17491 | D:12     | Killed a two-headed ogre
 17535 | D:12     | Reached skill level 10 in Fighting
 17604 | D:12     | Reached XP level 12. HP: 106/106 MP: 22/22
 17663 | D:13     | Reached skill level 6 in Shields
 17755 | D:12     | Reached skill level 11 in Axes
 18166 | D:12     | Noticed Rupert
 18505 | D:11     | Noticed a two-headed ogre
 18510 | D:11     | Killed a two-headed ogre
 18557 | D:11     | Found a runed translucent gate.
 18558 | D:11     | Found a runed translucent gate.
 18558 | D:11     | Noticed kd29's ghost (journeyman TrSh)
 18559 | D:11     | Found a runed translucent gate.
 18559 | D:11     | Noticed an 11-headed hydra
 18734 | D:11     | Learned a level 3 spell: Inner Flame
 18738 | D:11     | Learned a level 3 spell: Volatile Blastmotes
 19011 | D:4      | Killed Crazy Yiuf
 19142 | D:7      | Killed Gastronok
 19143 | D:7      | Reached skill level 11 in Fire Magic
 19335 | D:7      | Found Ixiunu's General Store.
 20226 | Lair:1   | Entered Level 1 of the Lair of Beasts
 20232 | Lair:1   | Noticed Erica
 20465 | Lair:1   | Killed Erica
 20559 | Lair:1   | Reached skill level 10 in Armour
 20559 | Lair:1   | Reached skill level 7 in Shields
 20646 | Lair:1   | You are sucked into a shaft and drop 1 floor!
 20663 | Lair:2   | Noticed a death yak
 20664 | Lair:2   | Noticed a death yak
 20665 | Lair:2   | Noticed a death yak
 20665 | Lair:2   | Noticed a death yak
 20668 | Lair:2   | Noticed a death yak
 20670 | Lair:2   | Noticed a death yak
 20682 | Lair:2   | Killed a death yak
 20682 | Lair:2   | Killed a death yak
 20688 | Lair:2   | Killed a death yak
 20693 | Lair:2   | Killed a death yak
 20695 | Lair:2   | Killed a death yak
 20696 | Lair:2   | Reached skill level 11 in Fighting
 20698 | Lair:2   | Killed a death yak
 20699 | Lair:2   | Reached skill level 12 in Axes
 20751 | Lair:2   | Found a gate leading to a gauntlet.
 20767 | Gauntlet | Entered a Gauntlet
 20767 | Gauntlet | Found a transporter.
 20767 | Gauntlet | Found a transporter.
 20767 | Gauntlet | Found a transporter.
 20966 | Gauntlet | Found a transporter.
 20978 | Gauntlet | Found a transporter.
 20987 | Gauntlet | Found a transporter.
 20995 | Gauntlet | Found a transporter.
 21012 | Gauntlet | Found a transporter.
 21020 | Gauntlet | Found a transporter.
 21038 | Gauntlet | Found a transporter.
 21080 | Gauntlet | Found a transporter.
 21090 | Gauntlet | Found a transporter.
 21237 | Gauntlet | Identified a potion of resistance
 21292 | Gauntlet | Identified the amulet "Iviusoyq" {Acrobat rN+}
 21719 | Gauntlet | Identified the +7 flail of Cugua {freeze, *Rage Str+5
                  | Int+6}
 21719 | Gauntlet | Noticed a minotaur
 21724 | Gauntlet | HP: 10/110 [minotaur/the +7 flail of Cugua {freeze, *Rage
                  | Str+5 Int+6} (7)]
 21734 | Gauntlet | Annihilated by a minotaur

Vanquished Creatures
  Gastronok (D:7)
  Erica (Lair:1)
  A centaur warrior (D:13)
  3 two-headed ogres
  6 death yaks (Lair:2)
  A soul eater (Gauntlet)
  An arcanist (Gauntlet)
  2 deep elf pyromancers
  A cyclops (D:6)
  An ugly thing (D:13)
  2 cane toads
  2 gargoyles (D:10)
  A komodo dragon (D:11)
  3 trolls
  5 blink frogs
  A hornet (D:11)
  Prince Ribbit (D:5)
  4 slime creatures
  3 wraiths
  A shadow (D:10)
  A yak (shapeshifter) (D:13)
  14 yaks
  Grum (D:9)
  A steam dragon (D:10)
  4 vampire mosquitoes
  Eustachio (D:4)
  Menkaure (D:5)
  Edmund (D:5)
  3 water moccasins
  4 acid dragons
  3 ice beasts
  7 black bears
  5 orc warriors
  Pargi (Sewer)
  4 ogres
  A sky beast (D:4)
  A swamp drake (D:10)
  4 wolves
  12 centaurs
  A phantom (D:4)
  2 brain worms (Sewer)
  2 kobold brigands
  8 bullfrogs
  2 gnoll sergeants
  3 scorpions
  17 wights
  18 killer bees
  5 howler monkeys
  2 bombardier beetles
  4 hounds
  9 orc priests
  A jelly (D:6)
  Crazy Yiuf (D:4)
  A sleepcap (D:5)
  Jessica (D:3)
  3 iguanas
  12 orc wizards
  11 adders
  3 gnolls
  3 shadow imps (Gauntlet)
  A white imp (Gauntlet)
  3 ribbon worms
  A dart slug (D:3)
  39 orcs
  7 endoplasms
  6 giant cockroaches
  7 goblins
  6 hobgoblins
  2 jackals (D:2)
  19 kobolds
  4 quokkas (D:3)
  4 ball pythons
  5 bats
  2 frilled lizards
  8 rats
333 creatures vanquished.

Table legend: (Time is in decaauts)
 A = Elapsed time spent in this place.
 B = Non-inter-level travel time spent in this place.
 C = Inter-level travel time spent in this place.
 D = Time resting spent in this place.
 E = Time spent auto-exploring this place.
 F = Levels seen in this place.
 G = Mean time per level.
                   A        B        C        D        E       F      G
               +--------+--------+--------+--------+--------+-----+--------+
         Total |  21712 |  20983 |    729 |   4280 |  12660 |  17 | 1277.2 |
       Dungeon |  20086 |  19358 |    728 |   3894 |  11887 |  13 | 1545.1 |
          Lair |    330 |    330 |      0 |     40 |    119 |   2 |  165.0 |
         Sewer |    378 |    378 |      0 |     34 |    302 |   1 |  378.0 |
      Gauntlet |    917 |    917 |      0 |    311 |    352 |   1 |  917.0 |
               +--------+--------+--------+--------+--------+-----+--------+

Top non-repeatable levels by time:
     D:7: 3164 daAuts
     D:8: 3106 daAuts
     D:5: 2350 daAuts
     D:4: 2024 daAuts
    D:13: 1690 daAuts
     D:3: 1541 daAuts
     D:9: 1271 daAuts
     D:6: 1086 daAuts
Gauntlet: 917 daAuts
    D:10: 849 daAuts
     D:2: 811 daAuts
    D:11: 783 daAuts
    D:12: 776 daAuts
     D:1: 630 daAuts
   Sewer: 378 daAuts

Table legend:
 A = Non-vault XP
 B = Vault XP
 C = Vault XP percentage of total XP
 D = Non-vault monster count
 E = Vault monster count
 F = Vault count percentage of total count
                 A         B        C        D         E       F
            +---------+---------+-------+---------+---------+-------
      Total |   28353 |    8850 |  23.8 |     263 |      70 |  21.0
            +---------+---------+-------+---------+---------+-------
        D:1 |      17 |       0 |   0.0 |      12 |       0 |   0.0
        D:2 |      81 |       0 |   0.0 |      24 |       0 |   0.0
        D:3 |     316 |      49 |  13.4 |      18 |       7 |  28.0
        D:4 |    1009 |     221 |  18.0 |      22 |       2 |   8.3
        D:5 |    1102 |     595 |  35.1 |      18 |       3 |  14.3
        D:6 |     756 |     677 |  47.2 |      22 |       2 |   8.3
        D:7 |    1234 |    2267 |  64.8 |      29 |       6 |  17.1
        D:8 |    3366 |     942 |  21.9 |      33 |       8 |  19.5
        D:9 |    2531 |     829 |  24.7 |      26 |       9 |  25.7
       D:10 |    1776 |     568 |  24.2 |      14 |      17 |  54.8
       D:11 |    2380 |       0 |   0.0 |       8 |       0 |   0.0
       D:12 |    2672 |       0 |   0.0 |       9 |       0 |   0.0
       D:13 |    4216 |       0 |   0.0 |      14 |       0 |   0.0
     Lair:1 |    1670 |     847 |  33.7 |       7 |       1 |  12.5
     Lair:2 |    5227 |       0 |   0.0 |       7 |       0 |   0.0
      Sewer |       0 |     320 | 100.0 |       0 |       9 | 100.0
   Gauntlet |       0 |    1535 | 100.0 |       0 |       6 | 100.0
            +---------+---------+-------+---------+---------+-------
